 Dungeon Crawl Stone Soup version 0.28.0-47-ge53b351184 (webtiles) character file.

Game seed: 8641682135949021161

35 Descartes the Grasshopper (level 3, -1/26 (27) HPs)
             Began as a Formicid Warper on May 9, 2022.
             Splashed by a jelly's acid (9 damage)
             ... on level 1 of the Dungeon.
             The game lasted 00:03:14 (1406 turns).

Descartes the Grasshopper (Formicid Warper)         Turns: 1406, Time: 00:03:15

HP:   -1/26 (27)    AC:  6    Str: 17    XL:     3   Next: 55%
MP:   6/6           EV:  9    Int: 12    God:
Gold: 106           SH:  0    Dex: 10    Spells: 6/6 levels left

rFire   . . .      SeeInvis +   a - +0 mace
rCold   . . .      Faith    .   (no shield)
rNeg    . . .      Spirit   .   e - +0 scale mail
rPois   .          Reflect  .   (helmet unavailable)
rElec   .          Harm     .   (no cloak)
rCorr   .          Rampage  .   (no gloves)
Will    .....                   (no boots)
Stlth   ..........              (no amulet)
HPRegen 0.08/turn               (no ring)
MPRegen 0.10/turn               (no ring)

@: lightly drained
A: permanent stasis, dig shafts and tunnels, antennae 3, four strong arms
a: Dig, Shaft Self


You were on level 1 of the Dungeon.
You visited 1 branch of the dungeon, and saw 2 of its levels.

You collected 106 gold pieces.

Inventory:

Hand Weapons
 a - a +0 mace (weapon)
Missiles
 c - 5 boomerangs of dispersal (quivered)
 k - 16 bolts
 l - 41 arrows
 p - 22 stones
Armour
 b - a +0 leather armour
 e - a +0 scale mail (worn)
Jewellery
 f - a ring of fire
 h - a +6 ring of dexterity
 j - a ring of poison resistance
Scrolls
 d - a scroll of fog {unknown}
 m - a scroll of identify {unknown}
 o - a scroll of enchant armour {unknown}
 q - a scroll of blinking {unknown}
Potions
 g - 2 potions of attraction {unknown}
 i - a potion of curing {unknown}
 n - a potion of mutation {unknown}


   Skills:
 - Level 2.1 Fighting
 + Level 2.5 Maces & Flails
 - Level 1.0 Throwing
 + Level 1.9 Armour
 - Level 1.7 Dodging
 + Level 1.5 Shields
 - Level 2.1 Spellcasting
 + Level 3.0 Translocations


You had 6 spell levels left.
You didn't know any spells.
Your spell library contained the following spells:

 Spells                   Type           Power      Damage    Failure   Level
 Gell's Gravitas          Tloc           8%         N/A       61%         3
 Lesser Beckoning         Tloc           8%         N/A       61%         3
 Teleport Other           Tloc           8%         N/A       61%         3
 Manifold Assault         Tloc           8%         N/A       100%        5
 Blink                    Tloc           Unusable   N/A       N/A         2

Dungeon Overview and Level Annotations

Branches:
Dungeon (2/15)

Altars:

Shops:
D:1 (


Innate Abilities, Weirdness & Mutations

You cannot be hasted, slowed, berserked, paralysed or teleported.
You can dig through walls and to a lower floor.
You have a pair of large antennae on your head. (SInv)
Your four strong arms can wield two-handed weapons with a shield.


Message History

You are too injured to fight recklessly!
You are too injured to fight recklessly!
You are too injured to fight recklessly!
You are too injured to fight recklessly!
You are too injured to fight recklessly!
You are too injured to fight recklessly!
You are too injured to fight recklessly!
You are too injured to fight recklessly!
You are too injured to fight recklessly!
You are too injured to fight recklessly!
You are too injured to fight recklessly!
You are too injured to fight recklessly!
You are too injured to fight recklessly!
You are too injured to fight recklessly!
You are too injured to fight recklessly!
You are too injured to fight recklessly!
You are too injured to fight recklessly!
You are too injured to fight recklessly!
You are too injured to fight recklessly!
You are too injured to fight recklessly!
There is an open door here.
There is an open gate here.
Items here: ))))) ††.
There is an escape hatch in the ceiling here.
The jelly jiggles.
The jelly hits you but does no damage. A mysterious force pulls you upwards.
The hatch slams shut behind you.
You hit the jelly.
Your hands burn!
The jelly is severely wounded.
The jelly hits you but does no damage.
You barely miss the jelly.
The jelly is severely wounded.
The jelly closely misses you.
You hit the jelly.
Your hands burn!
The jelly is severely wounded.
The jelly barely misses you.
You hit the jelly.
Your hands burn!
The jelly is severely wounded.
The jelly closely misses you. The jelly hits you.
You are splashed with acid!
You die...

#.# #.# #.# ##.# #.# #.#
#######..######.######.#
....................##.#
≈.≈≈≈≈≈.≈≈≈≈≈.≈≈≈≈≈.##.#
.(.≈≈≈...≈≈≈...≈≈≈..##.#
....≈.....≈.....≈...##.#
≈≈≈≈.......≈≈≈≈≈J...##.#
≈≈≈....<....≈≈≈.@......#
.≈...........≈.....#####
..≈≈≈≈≈.≈≈≈≈≈......#
...≈≈≈...≈≈≈.....###
....≈.....≈.....##
.....≈≈≈≈≈.....##
#.....≈≈≈.....##
##.....≈.....##
............##


You could see a jelly.

Vanquished Creatures
  A dart slug (D:1)
  2 endoplasms (D:1)
  2 giant cockroaches (D:1)
  2 goblins
  4 hobgoblins (D:1)
  2 jackals (D:1)
  2 quokkas
  3 ball pythons
  2 bats (D:2)
  A frilled lizard (D:1)
  6 kobolds (D:2)
  4 rats (D:1)
31 creatures vanquished.

Vanquished Creatures (others)
  A fungus (D:2)
  6 toadstools (D:2)
7 creatures vanquished.

Grand Total: 38 creatures vanquished

Notes
Turn   | Place    | Note
-------+----------+-------------------------------------------
     0 | D:1      | Descartes the Formicid Warper began the quest for the Orb.
     0 | D:1      | Reached XP level 1. HP: 16/16 MP: 3/3
   462 | D:1      | Reached XP level 2. HP: 18/22 MP: 5/5
   684 | D:1      | Reached skill level 1 in Shields
   752 | D:1      | You fall into a shaft and drop 1 floor!
   872 | D:1      | Found Riawoawn's Weapon Boutique.
   984 | D:1      | Reached XP level 3. HP: 27/27 MP: 6/6
  1043 | D:1      | Reached skill level 3 in Translocations
  1406 | D:1      | Splashed by a jelly's acid

Illustrated notes

Levels and vault maps discovered:
D:1:      onia_arrival_pyramid, layout_loops_ring, serial_shops, shop
D:2:      cheibrodos_fertilizer, layout_loops_cross

Skill      XL: |  1  2  3 |
---------------+----------+-----
Shields        | 1 |  1.5
Translocations | 3 |  3.0
Fighting       | |  2.1
Maces & Flails | |  2.5
Throwing       | |  1.0
Armour         | |  1.9
Dodging        | |  1.7
Spellcasting   | |  2.1

Action                   || total
-------------------------++-------
Melee: Mace              ||    94
       Punch             ||     1
 Abil: Dig               ||     1
Armor: Scale mail        ||    46
       Leather armour    ||     5
Dodge: Dodged            ||    54
